AoeStats
← ska_18

Four Lakes

503116836Analyzed
3v3 RM · 1mo ago on Aug 30, 2026· 38m 4s· 6 players
Game mode
Random Map
Map size
Normal (6 player)
Population
200
Speed
Normal
Resources
Standard
Victory
Conquest
Starting age
Dark Age
Ending age
Imperial Age
RankedLock teamsTeams togetherTeam positionsShared explorationLock speedFull tech treeHidden civsTurbo modeCheats
Victory
Defeat
🇦🇺 Hindustanis · Australia
1124
+13
🇦🇺 Georgians · Australia
1048
+17
🇦🇺 Gurjaras · Australia
1043
+17
🇩🇰 Armenians · Denmark
1132
-19
🇦🇹 Saracens · Austria
1055
-15
🇪🇸 Cumans · Spain
1015
-13
ska_18
benny5life <3 ✌
8:56 Loom
11:21 Feudal Age
11:51 Man-at-Arms
12:43 Double-Bit Axe
12:42 Horse Collar
21:38 Castle Age
20:36 Scale Mail Armor
20:27 Long Swordsman
22:22 Squires
22:09 Gambesons
24:04 Wheelbarrow
23:14 Town Watch
25:50 Chain Mail Armor
25:41 Two-Handed Swordsman
25:41 Pikeman
26:13 Fishing Lines
28:07 Arson
28:41 Gillnets
29:38 Forging
29:20 Fletching
29:55 Heavy Plow
30:15 Bow Saw
29:56 Gold Mining
31:26 Town Patrol
32:55 Ballistics
32:36 Bodkin Arrow
33:48 Hand Cart
35:54 Iron Casting
37:09 Padded Archer Armor
40:58 Imperial Age
John Kalztan
8:14 Loom
10:36 Feudal Age
11:03 Double-Bit Axe
11:51 Fishing Lines
14:38 Wheelbarrow
13:49 Town Watch
18:28 Horse Collar
24:10 Castle Age
23:11 Bloodlines
22:54 Fletching
24:48 Stone Mining
25:13 Bodkin Arrow
25:40 Bow Saw
25:24 Gold Mining
26:13 Padded Archer Armor
27:39 Town Patrol
27:41 Gillnets
28:28 Leather Archer Armor
30:00 Capped Ram
34:22 Gold Shaft Mining
34:23 Ballistics
34:39 Hand Cart
NaughtyBoy
4:16 Loom
10:45 Feudal Age
13:31 Double-Bit Axe
16:27 Castle Age
14:18 Fishing Lines
15:54 Wheelbarrow
15:28 Horse Collar
15:48 Gold Mining
18:16 Gillnets
19:20 Stone Mining
19:55 Bow Saw
20:45 Forging
20:40 Scale Barding Armor
23:57 Iron Casting
24:32 Bloodlines
28:38 Husbandry
30:44 Fletching
30:55 Padded Archer Armor
32:14 Hand Cart
34:32 Imperial Age
33:03 Town Watch
33:24 Heavy Plow
35:33 Ballistics
35:32 Elite Monaspa
36:42 Capped Ram
38:00 Bodkin Arrow
39:06 Blast Furnace
38:22 Leather Archer Armor
38:28 Chain Barding Armor
Big J
6:25 Loom
9:09 Feudal Age
9:41 Double-Bit Axe
16:41 Horse Collar
22:52 Castle Age
21:36 Forging
24:20 Bloodlines
24:44 Scale Mail Armor
25:38 Iron Casting
28:38 Wheelbarrow
28:23 Gold Mining
28:23 Fishing Lines
30:02 Chain Mail Armor
29:58 Husbandry
32:04 Gold Shaft Mining
34:19 Hand Cart
37:23 Imperial Age
36:24 Fletching
36:35 Padded Archer Armor
37:40 Ballistics
38:10 Thumb Ring
39:09 Chemistry
Sample Text
7:38 Loom
9:57 Feudal Age
11:01 Double-Bit Axe
13:56 Forging
17:53 Bloodlines
21:14 Castle Age
19:39 Gold Mining
19:31 Horse Collar
21:04 Stone Mining
21:26 Scale Barding Armor
22:35 Iron Casting
22:37 Husbandry
24:37 Bow Saw
25:12 Chain Barding Armor
31:09 Stone Shaft Mining
30:57 Fletching
31:43 Bodkin Arrow
Connection lost

Rejoining the realm…

Still unreachable

The connection could not be restored.

Session expired

The server has moved on; the page needs a fresh start.